AoeStats
← ogipochi_

Black Forest

507651313Analyzed
4v4 RM · 14d ago on Sep 19, 2026· 51m 3s· 8 players
Game mode
Random Map
Map size
Large (8 player)
Population
200
Speed
Normal
Resources
Standard
Victory
Conquest
Starting age
Dark Age
Ending age
Imperial Age
RankedLock teamsTeams togetherTeam positionsShared explorationLock speedFull tech treeHidden civsTurbo modeCheats
Victory
Defeat
🇯🇵 Byzantines · Japan
735
+18
🇨🇳 Maya · China
693
+20
🇨🇳 Turks · China
651
+22
🇲🇾 Persians · Malaysia
606
+23
🇲🇽 Spanish · Mexico
838
-49
🇲🇽 Khmer · Mexico
834
-37
🇲🇽 Hindustanis · Mexico
832
-23
🇺🇸 Wei · United States
616
-14
ogipochi_
0:48 Loom
13:21 Feudal Age
13:49 Double-Bit Axe
13:55 Gold Mining
13:56 Stone Mining
13:47 Horse Collar
15:50 Wheelbarrow
19:48 Castle Age
19:54 Forging
19:51 Scale Barding Armor
20:56 Husbandry
21:13 Bow Saw
21:08 Heavy Plow
29:01 Husbandry
32:52 Imperial Age
31:00 Iron Casting
30:27 Scale Mail Armor
30:49 Chain Barding Armor
31:11 Gold Shaft Mining
32:53 Heavy Camel Rider
34:11 Plate Barding Armor
34:20 Hand Cart
34:36 Conscription
36:44 Ballistics
37:24 Chemistry
36:12 Treadmill Crane
36:53 Ballistics
37:33 Chemistry
36:45 Fortified Wall
36:31 Murder Holes
36:22 Arrowslits
37:50 Logistica
37:56 Logistica
38:23 Elite Cataphract
51:34 Two-Man Saw
saw_moss
7:18 Loom
18:25 Feudal Age
18:54 Double-Bit Axe
18:51 Horse Collar
18:59 Town Watch
25:48 Gold Mining
29:20 Arson
31:35 Fishing Lines
寒枝雀静
12:54 Feudal Age
14:05 Horse Collar
14:13 Double-Bit Axe
18:20 Castle Age
20:42 Stone Mining
28:14 Stone Shaft Mining
28:45 Gold Mining
31:02 Padded Archer Armor
31:04 Scale Mail Armor
30:55 Fletching
31:16 Forging
31:58 Wheelbarrow
33:46 Hul'che Javelineers
34:10 Leather Archer Armor
33:50 Bodkin Arrow
34:20 Pikeman
35:01 Squires
35:43 Hand Cart
35:49 Bow Saw
38:59 Imperial Age
37:09 Elite Skirmisher
39:35 Thumb Ring
39:55 Heavy Plow
40:58 Two-Man Saw
40:33 Conscription
39:41 Crossbowman
42:05 Chemistry
41:27 Ballistics
41:40 Arson
42:31 Ring Archer Armor
42:02 Bracer
42:18 Chain Mail Armor
42:26 Chain Mail Armor
42:35 Ballistics
41:59 Treadmill Crane
42:35 Halberdier
45:19 Crop Rotation
47:53 Arbalester
48:05 Elite Plumed Archer
50:02 Block Printing
50:20 Caravan
50:31 Guilds
50:54 Coinage
我在上厕所
0:28 Loom
15:14 Feudal Age
15:54 Double-Bit Axe
15:52 Horse Collar
21:40 Castle Age
21:28 Gold Mining
21:30 Stone Mining
34:22 Imperial Age
32:39 Gold Shaft Mining
32:19 Town Watch
32:59 Bow Saw
33:16 Masonry
32:47 Treadmill Crane
33:28 Ballistics
33:42 Scale Barding Armor
33:48 Forging
35:38 Wheelbarrow
36:17 Chain Barding Armor
36:33 Iron Casting
36:28 Bombard Tower
36:25 Fortified Wall
36:50 Husbandry
37:03 Bloodlines
38:34 Plate Barding Armor
38:45 Murder Holes
39:54 Two-Man Saw
39:57 Blast Furnace
40:11 Sipahi
43:35 Heavy Scorpion
47:21 Artillery
47:56 Hoardings
47:54 Architecture
Art
6:02 Loom
10:50 Feudal Age
11:17 Double-Bit Axe
11:16 Horse Collar
14:03 Gold Mining
15:39 Stone Mining
21:21 Castle Age
20:58 Fishing Lines
24:39 Gillnets
25:35 Wheelbarrow
25:40 Caravan
26:30 Bow Saw
26:57 Gold Shaft Mining
26:26 Heavy Plow
27:04 Stone Shaft Mining
27:31 Hand Cart
29:59 Tuntian
29:22 Pikeman
29:48 Arson
30:05 Squires
31:42 Scale Barding Armor
31:48 Forging
31:38 Scale Mail Armor
35:59 Imperial Age
37:08 Chain Barding Armor
37:03 Chain Mail Armor
37:23 Iron Casting
37:24 Conscription
37:35 Elite Tiger Cavalry
38:30 Husbandry
38:40 Bloodlines
39:02 Halberdier
39:23 Heavy Hei Guang Cavalry
50:52 Hoardings
PACOsoviet
12:46 Feudal Age
14:32 Double-Bit Axe
18:27 Horse Collar
23:30 Castle Age
23:14 Stone Mining
23:17 Gold Mining
24:43 Pikeman
25:24 Squires
24:47 Man-at-Arms
25:13 Gambesons
25:39 Scale Barding Armor
29:16 Bow Saw
29:22 Heavy Plow
30:37 Stone Shaft Mining
38:55 Imperial Age
38:07 Wheelbarrow
37:18 Town Watch
37:18 Loom
38:48 Caravan
39:20 Cavalier
40:02 Halberdier
Cronos6667550
8:27 Loom
11:01 Feudal Age
12:24 Double-Bit Axe
12:23 Horse Collar
14:47 Gold Mining
20:06 Castle Age
20:20 Stone Mining
21:36 Wheelbarrow
25:48 Scale Barding Armor
25:55 Forging
27:12 Hand Cart
28:03 Gold Shaft Mining
29:20 Chain Barding Armor
29:36 Iron Casting
30:54 Heavy Plow
35:19 Imperial Age
35:25 Bow Saw
35:52 Stone Shaft Mining
36:49 Plate Barding Armor
37:15 Blast Furnace
38:11 Heavy Camel Rider
40:02 Husbandry
42:07 Imperial Camel Rider
JCHANTR3S
12:53 Loom
15:03 Feudal Age
19:24 Double-Bit Axe
19:21 Horse Collar
20:42 Wheelbarrow
25:16 Castle Age
29:22 Imperial Age
28:32 Gold Mining
28:33 Stone Mining
30:27 Heavy Plow
32:00 Stone Shaft Mining
32:01 Gold Shaft Mining
34:42 Chemistry
34:03 Ballistics
33:48 Tusk Swords
38:09 Elite Ballista Elephant
39:21 Caravan
39:52 Coinage
40:49 Double Crossbow
42:02 Crop Rotation
43:03 Banking
43:10 Heavy Scorpion
Connection lost

Rejoining the realm…

Still unreachable

The connection could not be restored.

Session expired

The server has moved on; the page needs a fresh start.